 Dungeon Sprint DCSS version 0.21.1-1-g345015f (webtiles) character file.

0 Fang the Chopper (level 1, 0/30 HPs)
             Began as a Minotaur Berserker on Apr 23, 2018.
             Was a Follower of Trog.
             Slain by a worm (12 damage)
             ... in the Dungeon (Sprint VI: "Thunderdome").
             The game lasted 00:00:21 (35 turns).

Fang the Chopper (Minotaur Berserker)                 Turns: 35, Time: 00:00:21

Health: 0/30       AC:  2    Str: 26    XL:     1   Next: 16%
Magic:  0/0        EV: 12    Int:  4    God:    Trog [*.....]
Gold:   200        SH:  0    Dex:  9    Spells: 0/0 levels left

rFire    . . .     SeeInvis .   a - +0 hand axe
rCold    . . .     Gourm    .   (no shield)
rNeg     . . .     Faith    .   b - +0 animal skin
rPois    .         Spirit   .   (helmet restricted)
rElec    .         Reflect  .   (no cloak)
rCorr    .         Harm     .   (no gloves)
MR       .....     NoTele   +   (no boots)
Stlth    ..........             (no amulet)
HPRegen  0.10/turn              (no ring)
MPRegen  0.07/turn              (no ring)

@: berserking, very quick
A: retaliatory headbutt, horns 2
a: Berserk, Burn Spellbooks, Renounce Religion


You were in the Dungeon.
You worshipped Trog.
Trog was aware of your devotion.
You were not hungry.

You visited 1 branch You collected 200 gold pieces.

Inventory:

Hand Weapons
 a - a +0 hand axe (weapon)
Armour
 b - a +0 animal skin (worn)
Wands
 j - a wand of acid (5)
 k - a wand of iceblast (5)
Scrolls
 i - 4 scrolls of blinking
 l - 3 scrolls of fog
Potions
 d - a potion of curing
 e - 4 potions of heal wounds
 f - 4 potions of haste
 g - 2 potions of magic
 h - a potion of berserk rage
 m - a potion of resistance
Comestibles
 c - a ration


   Skills:
 + Level 4.0 Fighting
 + Level 4.0 Axes
 + Level 2.5 Armour
 + Level 2.3 Dodging


You couldn't memorise any spells.
You didn't know any spells.

Dungeon Overview and Level Annotations

Branches:
Dungeon (1/1)

Altars:
Cheibriados
Dithmenos
Gozag
Kikubaaqudgha
Makhleb
Okawaru
Ru
Vehumet
Wu Jian
Xom
Yredelemnul
Zin
Lugonu

Shops:
D *[%???:(


Innate Abilities, Weirdness & Mutations

You reflexively headbutt those who attack you in melee.
You have a pair of horns on your head.


Message History

The worm is lightly wounded.
You barely miss the worm. You headbutt the worm.
The worm is moderately wounded.
You closely miss the rat. The worm bites you!
Ouch! That really hurt!
The rat closely misses you. You furiously retaliate!
You headbutt the rat.
You kill the rat!
Trog accepts your kill.
Your Fighting skill increases to level 4!
Your Axes skill increases to level 4!
A red film seems to cover your vision as you go berserk!
You feel yourself moving faster!
You feel mighty!
You feel a lot more hungry. The worm closely misses you.
You slash the worm!
The worm is almost dead.
You barely miss the worm.
You headbutt the worm, but do no damage.
The worm is almost dead.
The worm bites you!
You die...

#∩.......∩# #_......._#
#_......._# #_......._#
###.........###
#⌠...........⌠#
######.8.........8.#
##∩___......###......
#∩.w@.....8.# #.8....
#.............###......
#§..........###...###...
#⌠..........# #.<.# #...
#⌠..........# #...# #...
##.............###.. ...
###∩........8. .8.. .
##∩.._...... ......
#.8.. ...8.#


You could see a worm.

Vanquished Creatures
  2 rats (D)
2 creatures vanquished.

Notes
Turn   | Place    | Note
-------+----------+-------------------------------------------
     0 | D        | Fang the Minotaur Berserker began the quest for the Orb.
     0 | D        | Reached XP level 1. HP: 19/19 MP: 0/0
     1 | D        | Found a shadowy altar of Dithmenos.
     1 | D        | Found an opulent altar of Gozag.
     2 | D        | Found a snail-covered altar of Cheibriados.
     2 | D        | Found a basalt altar of Yredelemnul.
     3 | D        | Found an iron altar of Okawaru.
     3 | D        | Found a burning altar of Makhleb.
     4 | D        | Found a shimmering altar of Xom.
     4 | D        | Found a radiant altar of Vehumet.
     4 | D        | Found Qipod's Staff Store.
     4 | D        | Found Ucsuheank's Magic Scroll Shop.
     5 | D        | Found a glowing silver altar of Zin.
     5 | D        | Found Kaikutof's Must-Have Magic.
     5 | D        | Found Sianaj's Magic Scroll Shop.
     5 | D        | Round 1.
    23 | D        | Found an ancient bone altar of Kikubaaqudgha.
    27 | D        | Found a sacrificial altar of Ru.
    27 | D        | Found a corrupted altar of Lugonu.
    27 | D        | Found Loulaj's Delicious Food.
    27 | D        | Found Paps's Jewellery.
    28 | D        | Found Qysist's Advanced Armour.
    29 | D        | Found an ornate altar of the Wu Jian Council.
    29 | D        | Found Caish's Identification Station.
    35 | D        | Slain by a worm

Skill      XL: |  1 |
---------------+----+-----
Fighting       | 4 |  4.0
Axes           | 4 |  4.0
Armour         | |  2.5
Dodging        | |  2.3

Action                   || total
-------------------------++-------
Melee: Hand axe          ||     5
       Headbutt          ||     2
Invok: Berserk           ||     1
Dodge: Dodged            ||     3
